 Dungeon Crawl Stone Soup version 0.27-a0-686-gaed091b46b (webtiles) character file.

Game seed: 3169766282328505564

14849 tilp the Tainter (level 11, -5/86 HPs)
             Began as a Demonspawn Venom Mage on Mar 20, 2021.
             Was an Elder of Sif Muna.
             Slain by a frost giant
             ... wielding a +1 battleaxe of freezing
              (15 damage)
             ... in an ice cave.
             The game lasted 00:35:39 (18693 turns).

tilp the Tainter (Demonspawn Venom Mage)           Turns: 18693, Time: 00:35:39

Health: -5/86      AC: 15    Str: 10    XL:     11   Next: 94%
Magic:  0/20       EV: 13    Int: 19    God:    Sif Muna [****..]
Gold:   234        SH:  6    Dex: 13    Spells: 2/22 levels left

rFire    . . .     SeeInvis .   a - +2 halberd (flame)
rCold    . . .     Faith    .   (shield currently unavailable)
rNeg     . . .     Spirit   +   K - +3 steam dragon scales
rPois    .         Reflect  .   (no helmet)
rElec    .         Harm     .   (no cloak)
rCorr    .         Rampage  .   (gloves unavailable)
Will     .....                  f - +2 pair of boots
Stlth    ++........             y - amulet of guardian spirit
HPRegen  0.24/turn              q - +4 ring of protection
MPRegen  0.17/turn              (no ring)

@: studying Hexes
A: claws 3, large bone plates 2
a: Renounce Religion, Channel Magic, Forget Spell, Divine Exegesis


You were in an ice cave.
You worshipped Sif Muna.
Sif Muna was greatly pleased with you.
You visited 1 branch of the dungeon, and saw 11 of its levels.
You also visited: Ice Cave.

You collected 779 gold pieces.
You spent 545 gold pieces at shops.

Inventory:

Hand Weapons
 a - a +2 halberd of flaming (weapon)
Missiles
 o - 318 stones
 r - 3 silver boomerangs
 B - 6 atropa-tipped darts
 F - 24 poisoned darts
 G - a throwing net
 I - 15 boomerangs
Armour
 f - a +2 pair of boots (worn)
 A - a +0 pair of gloves of dexterity
 J - a +0 kite shield
 K - +3 steam dragon scales (worn)
Magical Staves
 z - a staff of fire
 D - a staff of poison
Jewellery
 n - an amulet of magic regeneration
 q - a +4 ring of protection (right claw)
 y - an amulet of guardian spirit (around neck)
Wands
 m - a wand of mindburst (4)
 s - a wand of digging (4)
 x - a wand of paralysis (7)
 C - a wand of flame (33)
 L - a wand of random effects (21)
Scrolls
 c - 5 scrolls of identify
 e - a scroll of brand weapon
 g - 3 scrolls of fog
 u - a scroll of fear
 v - 2 scrolls of torment
 E - 3 scrolls of teleportation
 H - a scroll of amnesia
Potions
 b - a potion of brilliance
 d - a potion of haste
 h - a potion of heal wounds
 i - 3 potions of attraction
 j - 2 potions of cancellation
 k - 2 potions of mutation
 l - 2 potions of flight
 p - a potion of curing
 t - a potion of might
 w - a potion of resistance
 M - a potion of berserk rage


   Skills:
 + Level 8.1 Fighting
 - Level 4.0 Polearms
 + Level 4.1 Dodging
 - Level 4.0 Stealth
 + Level 8.1 Unarmed Combat
 - Level 6.0 Spellcasting
 - Level 8.0 Hexes
 - Level 0.8 Transmutations
 - Level 10.0 Poison Magic
 - Level 4.0 Invocations
 - Level 4.0 Evocations


You had 2 spell levels left.
You knew the following spells:

 Your Spells              Type           Power      Damage    Failure   Level
a - Sting                 Tmut/Pois      100%       1d8       1%          1
b - Poisonous Vapours     Pois/Air       48%        N/A       2%          2
c - Ignite Poison         Fire/Tmut/Pois 19%        N/A       8%          3
d - Olgreb's Toxic Radia  Pois           43%        N/A       1%          4
e - Ensorcelled Hibernat  Hex/Ice        40%        N/A       3%          2
f - Tukima's Dance        Hex            36%        N/A       1%          3
g - Apportation           Tloc           10%        N/A       11%         1
h - Corona                Hex            40%        N/A       1%          1
i - Mephitic Cloud        Conj/Pois/Air  18%        N/A       9%          3

Your spell library contained the following spells:

 Spells                   Type           Power      Damage    Failure   Level
 Magic Dart               Conj           20%        1d4       11%         1
 Shock                    Conj/Air       20%        1d4       11%         1
 Searing Ray              Conj           10%        3d3       17%         2
 Confusing Touch          Hex            36%        N/A       1%          3
 Dazzling Flash           Conj/Hex       40%        N/A       6%          3
 Fulminant Prism          Conj/Hex       10%        3d9       22%         4
 Gell's Gravitas          Tloc           2%         N/A       32%         3
 Lesser Beckoning         Tloc           2%         N/A       32%         3
 Alistair's Intoxication  Tmut/Pois      17%        N/A       32%         5
 Yara's Violent Unravell  Hex/Tmut       11%        3d6       45%         5
 Metabolic Englaciation   Hex/Ice        10%        N/A       52%         5
 Invisibility             Hex            36%        N/A       54%         6
 Petrify                  Tmut/Erth      7%         N/A       67%         4
 Iskenderun's Mystic Bla  Conj/Tloc      5%         2d3       73%         4
 Summon Lightning Spire   Summ/Air       5%         N/A       73%         4
 Tornado                  Air            2%         N/A       100%        9


Dungeon Overview and Level Annotations

Branches:
Dungeon (11/15)            Temple (0/1) D:4            Lair (0/6) D:10
    Orc (0/2) D:10          IceCv (1/1)

Altars:
Cheibriados
Elyvilon
Makhleb
Qazlal
Sif Muna
Trog
Yredelemnul
Zin
Beogh

Shops:
D:3 ?   D:10 *(

Annotations:
D:3 3 runed translucent doors, Teazel's ghost, amateur DsGl


Innate Abilities, Weirdness & Mutations

You have claws for hands.
You are mostly covered in large bone plates. (SH +6)


Message History

The polar bear seems to burn from within!!
You kill the polar bear!
Sif Muna accepts your kill.
Unknown command.
You hit the frost giant. You burn the frost giant.
The frost giant is severely wounded.
The polar bear goes berserk!
You hit the frost giant. You burn the frost giant.
The frost giant is severely wounded.
The frost giant hits you with a +1 battleaxe of freezing.
The frost giant freezes you.
The polar bear rages.
The frost giant hits you with a +1 battleaxe of freezing!
The frost giant freezes you.
You hit the frost giant but do no damage.
The frost giant is severely wounded.
The frost giant hits you with a +1 battleaxe of freezing!!
The frost giant freezes you!
* * * LOW HITPOINT WARNING * * *
Unknown command.
Aiming: Paralyse
Press: ? - help, Shift-Dir - straight line, f - frost giant
Aim: a frost giant, wielding a +1 battleaxe of freezing (severely wounded, chance to affect: 12%)
Okay, then.
Aiming: Throw Flame
Press: ? - help, Shift-Dir - straight line, f - frost giant
Aim: a frost giant, wielding a +1 battleaxe of freezing (severely wounded, 2% to evade)
The puff of flame hits the frost giant.
The frost giant is almost dead.
The frost giant points at you and mumbles some strange words.
The bolt of cold hits you!!
* * * LOW HITPOINT WARNING * * *
Okay, then.
Aiming: Throw Flame
Press: ? - help, Shift-Dir - straight line, f/p - frost giant
Aim: a frost giant, wielding a +1 battleaxe of freezing (almost dead, 2% to evade)
The puff of flame hits the frost giant.
The frost giant is almost dead.
The frost giant hits you with a +1 battleaxe of freezing!
You die...

..#.≈######......## ##......##
.#.##≈≈##..##.....####..###...##
..####≈≈≈######....#≈..###..⌠..#
...####≈≈≈# ####...### ##...##
##..##≈≈≈≈≈≈≈##..####### #..###
#..##≈≈≈≈≈≈≈##†#.####..####≈.#
..###≈≈≈≈≈≈≈≈≈≈.#.#..##.#..###
##†.#≈≈≈≈≈≈≈≈#.##..#####☼###
#...##≈≈≈≈≈≈##hC@### ###
###..##≈≈≈###..###
##.####≈≈≈##.†## ..## ##..# ...#
##h..# .### #.†..# ## #.... ....
...


You could see a frost giant and a polar bear (berserk).

Vanquished Creatures
  2 two-headed ogres
  Nergalle (D:10)
  Pikel (D:8)
  An ugly thing (D:11)
  A moth of wrath (D:8)
  An ice statue (IceCv)
  Maggie (D:8)
  2 rime drakes (IceCv)
  An efreet (D:7)
  13 polar bears (IceCv)
  A troll (D:7)
  9 yaks
  Grum (D:8)
  A water moccasin (D:11)
  2 wargs (D:10)
  8 orc warriors
  A black bear (D:8)
  An ogre (D:8)
  An ice beast (D:7)
  A sky beast (D:8)
  A necrophage (D:7)
  14 wolves
  4 centaurs
  4 phantoms
  2 gnoll sergeants (D:8)
  4 bullfrogs
  4 scorpions
  A water moccasin skeleton (D:8)
  6 wights
  4 howler monkeys
  2 centaur zombies
  A bullfrog zombie (D:10)
  6 orc priests
  13 hounds
  3 centaur skeletons
  2 gnoll shamans (D:8)
  4 iguanas
  9 orc wizards
  4 worker ants
  A killer bee zombie (D:7)
  10 gnolls
  10 adders
  2 shadow imps
  3 white imps
  An ufetubus (D:7)
  An adder zombie (D:5)
  An adder skeleton (D:4)
  4 worms
  13 dart slugs
  4 leopard geckos
  32 orcs
  A ball python (D:1)
  7 giant cockroaches
  6 goblins
  5 hobgoblins
  6 jackals
  6 quokkas
  6 bats
  9 frilled lizards
  5 kobolds
  10 rats
281 creatures vanquished.

Vanquished Creatures (others)
  3 polar bears (IceCv)
  4 yaks (IceCv)
  4 wolves (IceCv)
  An ufetubus (D:7)
  A jackal skeleton (D:7)
  17 plants
30 creatures vanquished.

Grand Total: 311 creatures vanquished

Notes
Turn   | Place    | Note
-------+----------+-------------------------------------------
     0 | D:1      | tilp the Demonspawn Venom Mage began the quest for the Orb.
     0 | D:1      | Reached XP level 1. HP: 13/13 MP: 3/3
   788 | D:1      | Gained mutation: You are partially covered in large bone
                  | plates. (SH +4) [demonic ancestry]
   788 | D:1      | Reached XP level 2. HP: 19/19 MP: 0/5
  1147 | D:1      | Learned a level 2 spell: Poisonous Vapours
  1341 | D:1      | Reached skill level 4 in Poison Magic
  1393 | D:1      | Gained mutation: You have sharp fingernails. [demonic
                  | ancestry]
  1393 | D:1      | Reached XP level 3. HP: 21/24 MP: 1/6
  2163 | D:2      | Reached XP level 4. HP: 30/30 MP: 7/7
  2169 | D:2      | Reached skill level 5 in Poison Magic
  2568 | D:2      | Found a shimmering blue altar of Sif Muna.
  2745 | D:2      | Found a faded altar of an unknown god.
  2805 | D:3      | Found a runed translucent gate.
  2805 | D:3      | Found a runed translucent gate.
  2806 | D:3      | Found a runed translucent gate.
  2811 | D:3      | Noticed Teazel's ghost (amateur DsGl)
  2812 | D:3      | Identified the +9 whip of Infinity {drain, rPois MP+9}
  2812 | D:3      | Identified the +1 ring mail "Jar Mead" {rElec rC+}
  3164 | D:3      | Found Kekekhusoph's Magic Scroll Shop.
  3172 | D:3      | Bought a scroll of fear for 35 gold pieces
  3172 | D:3      | Bought a scroll of identify for 20 gold pieces
  3265 | D:3      | Found a snail-covered altar of Cheibriados.
  3717 | D:2      | Became a worshipper of Sif Muna the Loreminder
  3833 | D:4      | Reached XP level 5. HP: 29/35 MP: 8/8
  3980 | D:4      | Identified the Tome of the Birds
  3992 | D:4      | Reached skill level 6 in Poison Magic
  4334 | D:4      | Noticed a phantom
  4380 | D:5      | Entered Level 5 of the Dungeon
  4392 | D:5      | Reached skill level 1 in Polearms
  4429 | D:5      | Found a stormy altar of Qazlal.
  4736 | D:4      | Reached skill level 1 in Fighting
  4907 | D:4      | Found a staircase to the Ecumenical Temple.
  5139 | D:4      | Reached XP level 6. HP: 43/43 MP: 9/9
  5615 | D:3      | Bought a scroll of identify for 20 gold pieces
  5615 | D:3      | Bought a scroll of enchant armour for 75 gold pieces
  5615 | D:3      | Bought a scroll of noise for 10 gold pieces
  5615 | D:3      | Bought a scroll of fog for 20 gold pieces
  5737 | D:5      | Found a burning altar of Makhleb.
  5840 | D:5      | Reached * piety under Sif Muna
  6185 | D:5      | Gained mutation: You have very sharp fingernails. [demonic
                  | ancestry]
  6185 | D:5      | Reached XP level 7. HP: 51/51 MP: 1/10
  8061 | D:6      | Found a basalt altar of Yredelemnul.
  8242 | D:3      | Bought a scroll of identify for 20 gold pieces
  8242 | D:3      | Bought a scroll of identify for 20 gold pieces
  8311 | D:4      | Gained mutation: You have claws for hands. [demonic
                  | ancestry]
  8311 | D:4      | Reached XP level 8. HP: 49/60 MP: 11/13
  8661 | D:7      | Reached skill level 7 in Poison Magic
  8859 | D:7      | Noticed an efreet
  9273 | D:7      | Learned a level 3 spell: Ignite Poison
  9278 | D:7      | Learned a level 4 spell: Olgreb's Toxic Radiance
  9312 | D:7      | Reached skill level 8 in Poison Magic
  9523 | D:7      | Killed an efreet
  9523 | D:7      | Reached ** piety under Sif Muna
  9524 | D:7      | Reached skill level 5 in Fighting
 10226 | D:7      | Noticed a troll
 10230 | D:7      | Killed a troll
 10231 | D:7      | Reached XP level 9. HP: 69/69 MP: 5/15
 10234 | D:7      | Learned a level 2 spell: Ensorcelled Hibernation
 10238 | D:7      | Learned a level 3 spell: Tukima's Dance
 10370 | D:7      | Learned a level 1 spell: Apportation
 10501 | D:3      | Bought a scroll of blinking for 75 gold pieces
 10501 | D:3      | Bought a scroll of fog for 20 gold pieces
 10501 | D:3      | Bought a scroll of amnesia for 35 gold pieces
 10651 | D:7      | Reached skill level 1 in Hexes
 11014 | D:8      | Noticed Maggie
 11221 | D:8      | Noticed Grum
 11365 | D:8      | Reached skill level 5 in Spellcasting
 11445 | D:8      | Noticed a two-headed ogre
 11452 | D:8      | Killed a two-headed ogre
 11453 | D:8      | Reached skill level 9 in Poison Magic
 11726 | D:8      | Killed Grum
 11727 | D:8      | Reached XP level 10. HP: 76/76 MP: 0/19
 12022 | D:8      | Reached skill level 10 in Poison Magic
 12085 | D:8      | Reached skill level 1 in Invocations
 12287 | D:8      | Reached *** piety under Sif Muna
 12289 | D:8      | Reached skill level 1 in Evocations
 12384 | D:8      | Noticed Pikel
 12388 | D:8      | Killed Pikel
 12722 | D:8      | Killed Maggie
 12797 | D:8      | Learned a level 1 spell: Corona
 12801 | D:8      | Learned a level 3 spell: Mephitic Cloud
 12914 | D:8      | Found a shimmering blue altar of Sif Muna.
 12981 | D:8      | Noticed a moth of wrath
 12987 | D:8      | Killed a moth of wrath
 13059 | D:8      | Found a bloodstained altar of Trog.
 13367 | D:3      | Bought 3 scrolls of identify for 60 gold pieces
 13892 | D:9      | Reached skill level 5 in Hexes
 14061 | D:10     | Entered Level 10 of the Dungeon
 14061 | D:10     | Noticed Nergalle
 14065 | D:10     | Noticed a spectral orc warlord
 14068 | D:10     | Killed Nergalle
 14284 | D:10     | Found Cakhotsi's Antique Weapon Emporium.
 14295 | D:10     | Found Ufiunobb's Assorted Antiques.
 14311 | D:10     | Bought a scroll of teleportation for 81 gold pieces
 14311 | D:10     | Bought a scroll of identify for 54 gold pieces
 14485 | D:10     | Found a staircase to the Lair.
 14517 | D:10     | Reached skill level 1 in Unarmed Combat
 15103 | D:10     | Reached **** piety under Sif Muna
 15269 | D:10     | Gained mutation: You are mostly covered in large bone
                  | plates. (SH +6) [demonic ancestry]
 15269 | D:10     | Reached XP level 11. HP: 83/83 MP: 20/20
 15340 | D:10     | Found a staircase to the Orcish Mines.
 15661 | D:11     | Noticed a two-headed ogre
 15661 | D:11     | Noticed a green ugly thing
 15674 | D:11     | Killed a two-headed ogre
 15689 | D:11     | Killed a green ugly thing
 15714 | D:11     | Found a frozen archway.
 15899 | IceCv    | Entered an ice cave
 17041 | IceCv    | Reached skill level 5 in Unarmed Combat
 18676 | IceCv    | Noticed a frost giant
 18693 | IceCv    | Slain by a frost giant

Illustrated notes

Levels and vault maps discovered:
D:1:      dpeg_arrival_three_same_balls, layout_basic, minmay_hexomino_c4
D:2:      layout_rooms, nicolae_overflow_hidden_temple,
          chequers_ecumenical_altar_simple, serial_bayou_pond_b,
          lightli_corner_chamber
D:3:      layout_loops_cross, grunt_temple_overflow_open,
          biasface_ghost_orc_armoury, serial_shops, shop
D:4:      kennysheep_slugbush, layout_basic, minmay_temple_entry_stoned_glass,
          minmay_misc_feat_four_crosses, minmay_manual_mullet
D:5:      layout_cave_pods, lemuel_round_altar, makhleb_blood_cavern_becter
D:6:      layout_loops_ring, kennysheep_little_box
D:7:      nzn_winding_woodlands_small [nzn_winding_woodlands_5x15_lazy_stream,
          nzn_winding_woodlands_center_pierced_h,
          nzn_winding_woodlands_5x15_garden], layout_gridville,
          lemuel_tele_altar
D:8:      layout_cave_pools, tgw_trog, serial_gnoll_camp, gnoll_camp_mini_basic,
          gnoll_camp_mini_hut, gnoll_camp_medium_01, grums_kennel,
          minmay_ruined_shrine, uniq_grum, uniq_maggie, uniq_pikel
D:9:      layout_cross, serial_park
D:10:     minmay_klotski, layout_small_grid, erik_lair_orcish_takeover,
          david_orc_4, serial_shops, shop, serial_rivers,
          chequers_serial_rivers_micro_b, chequers_serial_rivers_micro_d,
          chequers_serial_rivers_micro_a, chequers_serial_rivers_micro_d,
          chequers_serial_rivers_room_b, minmay_shop_grid_forest, uniq_nergalle,
          uniq_josephine
D:11:     cheibrodos_histonic, layout_basic, portal_ice_cave_entry_pillars_1
IceCv:    ice_cave_caverns_02

Skill      XL: |  1  2  3  4  5  6  7  8  9 10 11 |
---------------+----------------------------------+-----
Poison Magic   | 4 5 6 8 9 10 | 10.0
Polearms       | 1 3 4 |  4.0
Dodging        | 2 4 |  4.1
Fighting       | 1 2 4 5 6 8 |  8.1
Spellcasting   | 3 4 6 |  6.0
Hexes          | 4 8 |  8.0
Stealth        | 4 |  4.0
Invocations    | 4 |  4.0
Evocations     | 4 |  4.0
Unarmed Combat | 2 8 |  8.1
Transmutations | |  0.8

Action                   |  1- 3 |  4- 6 |  7- 9 | 10-12 || total
-------------------------+-------+-------+-------+-------++-------
Melee: Unarmed           |    13 |       |       |       ||    13
       Club              |    22 |       |       |       ||    22
       Spear             |    16 |       |       |       ||    16
       Halberd           |    14 |   184 |   214 |   255 ||   667
Throw: Dart              |       |       |     2 |       ||     2
 Cast: Sting             |    18 |       |       |     9 ||    27
       Poisonous Vapours |    15 |    27 |    37 |    68 ||   147
       Ignite Poison     |       |       |    10 |    41 ||    51
       Olgreb's Toxic Ra |       |       |     7 |    23 ||    30
       Mephitic Cloud    |       |       |       |     6 ||     6
Evoke: Wand              |       |       |     3 |     4 ||     7
  Use: Scroll            |       |    10 |     9 |     7 ||    26
       Potion            |       |       |       |     2 ||     2
 Stab: Sleeping          |     3 |     6 |     1 |       ||    10
       Paralysed         |       |       |       |     2 ||     2
       Distracted        |       |       |       |     1 ||     1
Armor: Robe              |    17 |    67 |    68 |    16 ||   168
       Steam dragon scal |       |       |       |    77 ||    77
Dodge: Dodged            |    40 |   119 |   160 |   171 ||   490
Block: Other             |     6 |    30 |    50 |    54 ||   140

Table legend: (Time is in decaauts)
 A = Elapsed time spent in this place.
 B = Non-inter-level travel time spent in this place.
 C = Inter-level travel time spent in this place.
 D = Time resting spent in this place.
 E = Time spent auto-exploring this place.
 F = Levels seen in this place.
 G = Mean time per level.
                   A        B        C        D        E       F      G
               +--------+--------+--------+--------+--------+-----+--------+
         Total |  19046 |  17628 |   1418 |   6431 |   8674 |  12 | 1587.2 |
       Dungeon |  16218 |  14800 |   1418 |   4140 |   8474 |  11 | 1474.4 |
      Ice Cave |   2828 |   2828 |      0 |   2291 |    199 |   1 | 2828.0 |
               +--------+--------+--------+--------+--------+-----+--------+

Top non-repeatable levels by time:
   IceCv: 2828 daAuts
     D:7: 2631 daAuts
     D:6: 1801 daAuts
     D:1: 1765 daAuts
     D:5: 1700 daAuts
     D:4: 1692 daAuts
     D:8: 1692 daAuts
    D:10: 1613 daAuts
     D:3: 1420 daAuts
     D:2: 1078 daAuts
     D:9: 566 daAuts
    D:11: 255 daAuts
